 Dungeon Crawl Stone Soup version 0.29.1-12-g30fa7ad0bf (webtiles) character file.

Game seed: 207808245788058372

198 kingofthe the Trooper (level 5, 0/48 HPs)
             Began as a Minotaur Fighter on Jan 14, 2023.
             Slain by an adder (2 damage)
             ... on level 4 of the Dungeon.
             The game lasted 00:06:33 (2993 turns).

kingofthe the Trooper (Minotaur Fighter)            Turns: 2993, Time: 00:06:34

Health: 0/48       AC:  7    Str: 20    XL:     5   Next: 47%
Magic:  4/4        EV:  9    Int:  5    God:
Gold:   178        SH:  5    Dex: 12    Spells: 4/4 levels left

rFire   . . .      SeeInvis .   b - +0 short sword (speed)
rCold   . . .      Faith    .   c - +0 buckler
rNeg    . . .      Spirit   .   j - +0 scale mail
rPois   .          Reflect  .   (helmet restricted)
rElec   .          Harm     .   (no cloak)
rCorr   .          Rampage  .   (no gloves)
Will    .....                   (no boots)
Stlth   ..........              (no amulet)
HPRegen 0.16/turn               (no ring)
MPRegen 0.09/turn               (no ring)

@: brilliant, attractive
A: horns 2, retaliatory headbutt
a: no special abilities


You were on level 4 of the Dungeon.
You visited 1 branch of the dungeon, and saw 4 of its levels.

You collected 178 gold pieces.

Inventory:

Hand Weapons
 a - a +0 trident
 b - a +0 short sword of speed (weapon)
 n - a +0 sling
Missiles
 l - 25 stones (quivered)
Armour
 c - a +0 buckler (worn)
 j - a +0 scale mail (worn)
Scrolls
 i - 9 scrolls of identify
 m - a scroll of noise {unknown}
 o - a scroll of vulnerability {unknown}
 p - 2 scrolls of enchant armour {unknown}
 q - a scroll of enchant weapon {unknown}
 t - 2 scrolls of silence {unknown}
 u - a scroll of immolation {unknown}
 v - a scroll of blinking {unknown}
Potions
 d - a potion of might
 e - 2 potions of flight {unknown}
 f - 4 potions of brilliance
 g - 4 potions of attraction
 h - a potion of haste {unknown}
 k - 2 potions of degeneration {unknown}
 r - a potion of curing {unknown}
 s - 2 potions of ambrosia
 w - a potion of heal wounds {unknown}


   Skills:
 + Level 5.0 Fighting
 + Level 4.2 Polearms
 - Level 4.0 Armour
 + Level 1.2 Stealth
 + Level 5.0 Shields


You had 4 spell levels left.
You didn't know any spells.
Your spell library contained the following spells:

 Spells                   Type           Power      Damage    Failure   Level
 Necrotise                Necr           0%         1d4       88%         1
 Sublimation of Blood     Necr           0%         N/A       96%         2
 Wereblood                Tmut           0%         N/A       96%         2
 Vampiric Draining        Necr           0%         2d6       99%         3
 Agony                    Necr           0%         N/A       100%        5
 Summon Forest            Summ/Tloc      0%         N/A       100%        5
 Eringya's Noxious Bog    Tmut/Pois      0%         N/A       100%        6
 Summon Hydra             Summ           0%         N/A       100%        7


Dungeon Overview and Level Annotations

Branches:
Dungeon (4/15)
 Temple: D:4-7

Altars:
Trog

Annotations:
D:4 Pikel, Robin


Innate Abilities, Weirdness & Mutations

You have a pair of horns on your head.
You reflexively headbutt those who attack you in melee.


Message History

The goblin shoots a sling bullet.
The sling bullet closely misses you.
The goblin no longer looks unusually strong.
Robin throws the goblin at you! The scorpion closely misses you.
The goblin shoots a sling bullet.
You block the sling bullet.
Robin roars a battlecry!
The goblin goes into a battle-frenzy!
Robin zaps a wand.
The bolt of dispelling energy hits you!
* * * LOW HITPOINT WARNING * * *
The scorpion stings you.
* * * LOW HITPOINT WARNING * * *
It was a potion of attraction.
You feel attractive to monsters.
The scorpion stings you but does no damage.
Robin throws the goblin at you! The goblin barely misses you.
Robin is attracted toward you. The goblin is attracted toward you.
The adder is attracted toward you.
You hit the goblin but do no damage.
The goblin unwields a +0 sling.
The goblin wields a +0 dagger.
The goblin closely misses you. You furiously retaliate!
You headbutt the goblin!
You kill the goblin!
The scorpion closely misses you. The goblin hits you with a +0 dagger.
* * * LOW HITPOINT WARNING * * *
Robin is attracted toward you. The goblin is attracted toward you.
The adder is attracted toward you. Robin throws the goblin at you!
* * * LOW HITPOINT WARNING * * *
The goblin hits you but does no damage.
As you read the scroll labelled PAAF CERIMM, it crumbles to dust.
It is a scroll of identify.
s - 2 potions of ambrosia The scorpion stings you.
* * * LOW HITPOINT WARNING * * *
The adder bites you but does no damage. You block the goblin's attack.
The goblin barely misses you. You furiously retaliate!
You headbutt the goblin.
The scorpion stings you but does no damage.
It was a potion of brilliance.
You feel clever all of a sudden. The adder bites you.
You die...

###.#...............#........
#..###.......†...#..........
#.. ...........##.........
... ...........####.......
#.. .#............#....... #.
.........##...[.......
.###.....###.####...##
####..g..# ### #...##
..#...@g..# ######.....
.......sS..###....#..###
..#....)g..§....#.....#
#.##.....§..###..).#.# #
#......)........###
............§........
.............§........
..................).##
............§...##.###


You could see a scorpion, Robin, an adder and 2 goblins.

Vanquished Creatures
  An ogre (D:3)
  A lemure (D:3)
  A gnoll (D:1)
  3 adders
  A worm (D:2)
  A dart slug (D:1)
  An orc (D:3)
  8 ball pythons
  4 endoplasms
  3 giant cockroaches
  11 goblins
  8 hobgoblins
  2 jackals (D:2)
  3 quokkas
  4 bats
  3 frilled lizards
  5 kobolds
  5 rats
65 creatures vanquished.

Vanquished Creatures (others)
  A goblin (D:4)
1 creature vanquished.

Grand Total: 66 creatures vanquished

Notes
Turn   | Place    | Note
-------+----------+-------------------------------------------
     0 | D:1      | kingofthe the Minotaur Fighter began the quest for the Orb.
     0 | D:1      | Reached XP level 1. HP: 19/19 MP: 0/0
   236 | D:1      | Reached XP level 2. HP: 23/27 MP: 1/1
   750 | D:1      | Reached XP level 3. HP: 30/33 MP: 2/2
  2145 | D:3      | Found a faded altar of an unknown god.
  2152 | D:3      | Reached XP level 4. HP: 41/41 MP: 3/3
  2193 | D:3      | Found a bloodstained altar of Trog.
  2707 | D:4      | Noticed a scorpion
  2767 | D:4      | Noticed Pikel
  2767 | D:4      | Noticed a lemure
  2767 | D:4      | Noticed a lemure
  2767 | D:4      | Noticed a lemure
  2767 | D:4      | Noticed a lemure
  2767 | D:4      | Noticed an ogre
  2768 | D:4      | Noticed Robin
  2776 | D:3      | Killed an ogre
  2777 | D:3      | Reached skill level 1 in Stealth
  2777 | D:3      | Reached XP level 5. HP: 30/47 MP: 4/4
  2780 | D:3      | Killed a lemure
  2897 | D:4      | Reached skill level 5 in Fighting
  2960 | D:4      | Reached skill level 5 in Shields
  2992 | D:4      | HP: 1/48 [scorpion (6)]
  2993 | D:4      | Slain by an adder

Illustrated notes

Levels and vault maps discovered:
D:1:      eino_arrival_cavern_b, layout_loops_corners
D:2:      layout_rooms
D:3:      layout_basic, overflow_temple_1_default,
          ebering_ecumenical_altar_petrified
D:4:      layout_cave_pools, minmay_misc_feat_tiny, uniq_crazy_yiuf_cottage,
          uniq_robin, uniq_pikel

Skill      XL: |  1  2  3  4  5 |
---------------+----------------+-----
Armour         | 4 |  4.0
Fighting       | 4 5 |  5.0
Polearms       | 3 4 |  4.2
Shields        | 4 5 |  5.0
Stealth        | 1 |  1.2

Action                   |  1- 3 |  4- 6 || total
-------------------------+-------+-------++-------
Melee: Trident           |    90 |    39 ||   129
       Headbutt          |    15 |     1 ||    16
       Short sword       |    12 |    13 ||    25
  Use: Potion            |       |     2 ||     2
       Scroll            |       |     1 ||     1
Armor: Scale mail        |    21 |    24 ||    45
Dodge: Dodged            |    28 |    37 ||    65
Block: Buckler           |    16 |    12 ||    28
